Map: Tours du crépuscule

Players

Bambo

  • Race: Protoss Protoss

pupu - Winner!

  • Race: Protoss Protoss
  • League: Silver

VOD

Have the link to the VOD?

Description

Time

  • Played on: April 14, 2016, 11:12 a.m.
  • Length: 5:17
Show
View Real Time Build Order
Export as new Build Order

Bambo Protoss 

Build Orders: Oracle Opening 

Get SALT Encoding   

  12  0:02  Probe (Chrono Boost)  
  13  0:16  Probe (Chrono Boost)  
  14  0:27  Probe (Chrono Boost)  
  14  0:28  Pylon  
  15  0:51  Gateway  
  15  0:53  Forge  
  15  0:55  Probe (Chrono Boost)  
  16  0:59  Assimilator  
  16  1:05  Probe (Chrono Boost)  
  17  1:16  Probe (Chrono Boost)  
  18  1:29  Probe (Chrono Boost)  
  20  1:40  Probe (Chrono Boost)  
  20  1:41  Cybernetics Core  
  20  1:49  Photon Cannon  
  20  1:50  Probe (Chrono Boost)  
  21  1:55  Zealot  
  23  2:17  Photon Cannon  
  23  2:22  Assimilator  
  23  2:23  Pylon  
  23  2:39  Pylon  
  23  2:41  Probe (Chrono Boost), Zealot  
  26  2:45  Gateway  
  26  2:52  Probe (Chrono Boost)  
  26  2:55  Stargate  
  27  3:02  Probe (Chrono Boost)  
  28  3:22  Nexus  
  28  3:28  Probe (Chrono Boost)  
  29  3:39  Probe (Chrono Boost), Oracle (Chrono Boost)  
  33  3:49  Stalker  
  33  3:52  Probe  
  36  4:01  Pylon  
  36  4:21  Oracle (Chrono Boost)  
  39  4:26  Probe  
  39  4:27  Gateway  
  40  4:31  Stalker  
  40  4:33  Probe  
  40  4:38  Probe  
  44  4:43  Probe  
Show
View Real Time Build Order
Export as new Build Order

pupu Protoss - Winner!

Build Orders: 1 Gate Expand, Oracle Opening 

Get SALT Encoding   

  12  0:01  Probe (Chrono Boost)  
  13  0:12  Probe (Chrono Boost)  
  14  0:18  Pylon  
  14  0:22  Probe (Chrono Boost)  
  15  0:36  Probe (Chrono Boost)  
  15  0:38  Gateway  
  16  0:47  Probe (Chrono Boost)  
  17  0:51  Assimilator  
  17  0:57  Probe (Chrono Boost)  
  18  1:11  Probe (Chrono Boost)  
  19  1:27  Nexus  
  19  1:31  Probe (Chrono Boost)  
  20  1:38  Cybernetics Core  
  20  1:50  Probe (Chrono Boost), Assimilator  
  21  2:01  Probe (Chrono Boost)  
  22  2:11  Probe (Chrono Boost)  
  23  2:22  Pylon  
  23  2:27  Stargate  
  23  2:28  Warp Gate (Chrono Boost)  
  23  2:38  Probe  
  23  2:40  Adept  
  23  2:42  Probe  
  27  2:48  Pylon  
  27  2:50  Probe  
  28  2:52  Probe  
  29  3:02  Probe  
  29  3:04  Gateway  
  29  3:05  Probe  
  30  3:11  Oracle (Chrono Boost)  
  34  3:14  Probe  
  34  3:18  Probe  
  36  3:23  Adept  
  36  3:26  Probe  
  39  3:29  Pylon  
  39  3:30  Probe  
  40  3:43  Forge  
  40  3:46  Oracle (Chrono Boost)  
  43  3:49  Probe x2  
  45  3:55  Gateway  
  45  4:01  Probe x2  
  47  4:05  Assimilator  
  47  4:08  Pylon  
  47  4:13  Probe  
  48  4:22  Photon Cannon  
  48  4:28  Photon Cannon  
  48  4:36  Void Ray (Chrono Boost)  
  51  4:54  Stalker x3  
Tags
 
Add a new tag
Caveats
  • Supply blocks, unpowered buildings, or Contaminate may cause inaccurate times.
  • Supply counts are checked every 10 seconds.